 Dungeon Crawl Stone Soup version 0.31.0-32-g396128a36d (webtiles) character file.

Game seed: 9237391488545888294

100 Curundu the Chopper (level 4, 0/41 HPs)
             Began as a Minotaur Berserker on Apr 1, 2024.
             Was a Believer of Trog.
             Slain by a kobold
             ... wielding a +0 dagger
              (4 damage)
             ... on level 2 of the Dungeon.
             The game lasted 00:04:09 (1538 turns).

Curundu the Chopper (Minotaur Berserker)            Turns: 1538, Time: 00:04:10

Health: 0/41       AC:  2    Str: 23    XL:     4   Next: 46%
Magic:  3/3        EV: 12    Int:  4    God:    Trog [**....]
Gold:   116        SH:  0    Dex: 10    Spells: 3/3 levels left

rFire   . . .        d - +0 war axe
rCold   . . .        (no shield)
rNeg    . . .        b - +0 animal skin
rPois   .            (helmet restricted)
rElec   .            (no cloak)
rCorr   .            (no gloves)
SInv    .            (no boots)
Will    .....        (no amulet)
Stlth   +            (no ring)
HPRegen 0.26/turn    (no ring)
MPRegen 0.08/turn

%: no passive effects
@: no status effects
A: horns 2, retaliatory headbutt
a: Renounce Religion, Berserk, Trog's Hand


You were on level 2 of the Dungeon.
You worshipped Trog.
Trog was pleased with you.
You visited 1 branch of the dungeon, and saw 2 of its levels.

You collected 116 gold pieces.

Inventory:

Hand Weapons
 d - a +0 war axe (weapon)
Armour
 b - a +0 animal skin (worn)
Jewellery
 c - a ring of see invisible
Scrolls
 e - 3 scrolls of enchant weapon {unknown}
 g - a scroll of revelation {unknown}
 h - 3 scrolls of identify {unknown}
Potions
 a - 2 potions of berserk rage {unknown}
 f - a potion of curing {unknown}


   Skills:
 + Level 4.4 Fighting
 + Level 5.3 Axes
 + Level 2.6 Armour
 + Level 2.5 Dodging
 + Level 0.6 Stealth


You had 3 spell levels left.
You didn't know any spells.
Your spell library was empty.

Dungeon Overview and Level Annotations

Branches:
Dungeon (2/15)

Altars:
Yredelemnul


Innate Abilities, Weirdness & Mutations

You have a pair of horns on your head.
You reflexively headbutt those who attack you in melee.


Message History

You barely miss the hobgoblin. The hobgoblin hits you.
The goblin shoots a sling bullet.
The sling bullet completely misses you. The hobgoblin hits you.
The goblin shoots a sling bullet.
The sling bullet closely misses you.
You slash the hobgoblin!
You kill the hobgoblin!
Trog accepts your kill.
You hit the bat but do no damage. The bat completely misses you.
The goblin shoots a sling bullet.
The sling bullet hits you but does no damage.
The giant cockroach bites you.
You barely miss the giant cockroach. The bat hits you but does no damage.
The giant cockroach bites you.
The goblin shoots a sling bullet.
The sling bullet hits you.
You barely miss the giant cockroach. You hit the bat.
You kill the bat!
Trog accepts your kill.
The giant cockroach completely misses you.
The goblin shoots a sling bullet.
The sling bullet misses you.
The giant cockroach completely misses you.
You barely miss the giant cockroach. The giant cockroach bites you.
You slash the giant cockroach!
You kill the giant cockroach!
Trog accepts your kill.
A kobold comes into view. It is wielding a +0 dagger.
The goblin shoots a sling bullet.
The sling bullet closely misses you.
The goblin shoots a sling bullet.
The sling bullet hits you.
The goblin shoots a sling bullet.
The sling bullet barely misses you.
The goblin shoots a sling bullet.
The sling bullet hits you.
* * * LOW HITPOINT WARNING * * *
The goblin shoots a sling bullet.
The sling bullet closely misses you.
The goblin shoots a sling bullet.
The sling bullet hits you.
* * * LOW HITPOINT WARNING * * *
The goblin shoots a sling bullet.
The sling bullet hits you.
* * * LOW HITPOINT WARNING * * *
You closely miss the kobold.
The goblin shoots a sling bullet.
The sling bullet hits you.
* * * LOW HITPOINT WARNING * * *
The kobold hits you with a +0 dagger.
You die...

.#.###### #....#
.##.....##
.#......####''####
###..†..
.########...)....##
###... ## #......)...##
#.#. .# #............##
##.## .###
..............## #..#
...# .........††....##
#.## .#.#
................# #.#
...#
.........K@.....#....##.#
#..#
.....8..8....$..#....##.#
##.#
......≈≈......:.#....##.#
###
.....≈≈........#.......##
###
..8.g8..!....#........##
..##
.............#.........#
...#
.............#..........
...##
............##..†.†.....
....#
...........##..........#


You could see a goblin and a kobold.

Vanquished Creatures
  Robin (D:2)
  2 adders (D:2)
  An adder skeleton (D:2)
  4 dart slugs
  4 ball pythons
  A bat zombie (D:2)
  8 endoplasms
  2 giant cockroaches (D:2)
  9 goblins
  9 hobgoblins
  3 quokkas (D:1)
  2 bats (D:2)
  A frilled lizard (D:2)
  5 kobolds
  A rat (D:2)
53 creatures vanquished.

Notes
Turn   | Place    | Note
-------+----------+-------------------------------------------
     0 | D:1      | Curundu the Minotaur Berserker began the quest for the Orb.
     0 | D:1      | Reached XP level 1. HP: 19/19 MP: 0/0
   131 | D:1      | Reached skill level 4 in Axes
   131 | D:1      | Reached XP level 2. HP: 27/27 MP: 1/1
   470 | D:1      | Found a faded altar of an unknown god.
   833 | D:2      | Reached XP level 3. HP: 32/33 MP: 2/2
  1049 | D:2      | Found a basalt altar of Yredelemnul.
  1051 | D:2      | Reached ** piety under Trog
  1247 | D:2      | Noticed Robin
  1259 | D:2      | Killed Robin
  1260 | D:2      | Reached skill level 5 in Axes
  1260 | D:2      | Reached XP level 4. HP: 14/40 MP: 3/3
  1538 | D:2      | Slain by a kobold

Illustrated notes

Levels and vault maps discovered:
D:1:      lordsloth_arrival_two_stooges, layout_loops_ring,
          shapermc_ecumenical_altar_acropolis, minivault_11
D:2:      kennysheep_big_flooded_room, layout_rooms, serial_undead,
          serial_undead_a, serial_undead_e, serial_undead_c, serial_undead_d,
          basic_altar, serial_bayou_ford_a, minivault_25,
          amcnicky_mini_corridor_feature, uniq_robin

Skill      XL: |  1  2  3 |
---------------+----------+-----
Axes           | 4 5 |  5.3
Fighting       | 4 |  4.4
Armour         | |  2.6
Dodging        | |  2.5
Stealth        | |  0.6

Action                     |  1- 3 |  4- 6 || total
---------------------------+-------+-------++-------
  Melee: War axe           |    56 |    22 ||    78
         Hand axe          |     4 |       ||     4
         Headbutt          |     5 |       ||     5
 Invoke: Berserk           |     1 |       ||     1
   Stab: Sleeping          |     2 |       ||     2
 Armour: Animal skin       |    45 |    32 ||    77
  Dodge: Dodged            |    54 |    29 ||    83
